 Dungeon Crawl Stone Soup version 0.20.0-15-g7f486f2 (webtiles) character file.

27 Gargoyl the Skirmisher (level 2, -1/27 HPs)
             Began as a Draconian Abyssal Knight on June 10, 2017.
             Was a Follower of Lugonu.
             Slain by Robin
             ... wielding a +0 short sword of speed
              (5 damage)
             ... on level 2 of the Dungeon.
             The game lasted 00:02:05 (1173 turns).

Gargoyl the Skirmisher (Draconian Abyssal Knight)   Turns: 1173, Time: 00:02:06

Health: -1/27      AC:  4    Str: 14    XL:     2   Next: 93%
Magic:  3/3        EV:  9    Int: 12    God:    Lugonu [*.....]
Gold:   74         SH:  8    Dex: 13    Spells: 1/1 levels left

rFire    + . .     SeeInvis .   c - +0 mace "Kijifox" {chaos, Fragile rF+ rC+++ Dex+3} (curse)
rCold    + + +     Gourm    .   g - +1 shield
rNeg     . . .     Faith    .   (armour unavailable)
rPois    .         Spirit   .   (helmet restricted)
rElec    .         Reflect  .   (no cloak)
rCorr    .         Harm     .   (no gloves)
MR       .....                  (no boots)
Stlth    +.........             (no amulet)
Regen    0.1/turn               (no ring)
MPRegen  0.1/turn               (no ring)

@: lethally poisoned (-1 -> -7)
A: unfitting armour, cold-blooded, AC +4
a: Depart the Abyss, Renounce Religion


You were on level 2 of the Dungeon.
You worshipped Lugonu.
Lugonu was aware of your devotion.
You were not hungry.

You visited 1 branch of the dungeon, and saw 2 of its levels.
You visited the Abyss 1 time.

You collected 74 gold pieces.

Inventory:

Hand Weapons
 a - a +2 hand axe
 c - the cursed +0 mace "Kijifox" (weapon) {chaos, Fragile rF+ rC+++ Dex+3}
   (You found it on level 2 of the Abyss)

   Each time it hits an enemy it has a different, random effect.
   It affects your dexterity (+3).
   It protects you from fire.
   It renders you almost immune to cold.
   It will be destroyed if unequipped.
   It has a curse placed upon it.
Armour
 g - a +1 shield (worn)
Scrolls
 d - 2 scrolls of identify
Comestibles
 b - 3 bread rations
 f - a fruit
 i - a meat ration


   Skills:
 + Level 4.1 Fighting
 + Level 2.2(2.3) Axes
 + Level 0.8(1.6) Maces & Flails
 + Level 2.1 Dodging
 + Level 0.4 Stealth
 + Level 2.0 Invocations


You had one spell level left.
You didn't know any spells.

Dungeon Overview and Level Annotations

Branches:
Dungeon (2/15)

Altars:

Annotations:
D:2 Robin


Innate Abilities, Weirdness & Mutations

Your plain brown scales are hard. (AC +4)
You cannot fit into any form of body armour.
You are cold-blooded and may be slowed by cold attacks.


Message History

Unknown command.
You hit the adder. You drain the adder!
Your tail-slap misses the adder.
The adder is severely wounded.
* * * LOW HITPOINT WARNING * * *
You feel sick. The adder bites you but does no damage.
The giant cockroach barely misses you.
Robin hits you with a short sword of speed.
* * * LOW HITPOINT WARNING * * *
The giant cockroach closely misses you.
You closely miss the adder.
Your tail-slap misses the adder.
* * * LOW HITPOINT WARNING * * *
You feel sick. The adder barely misses you.
You block the giant cockroach's attack. Robin hits you but does no damage.
The adder barely misses you.
Unknown command.
You miss the adder.
The hobgoblin no longer looks unusually strong.
The adder bites you but does no damage. You block the giant cockroach's attack.
Robin hits you with a short sword of speed.
You die...

######### ##########
#....(..# #........# #
#.#.#.#.# #........##.
#.#...#.#
....$....#.###.#####.#
#.......gSg......# #<#
#.......gS@)...# ###
#.......gs......#
#.......g########
.........# #........#
##.#.###.. ...#. #g.
.. .. ....


You could see Robin, 2 adders, a giant cockroach, 2 hobgoblins and 2 goblins.

Vanquished Creatures
  An ooze (D:2)
  2 dart slugs
  2 giant cockroaches (D:1)
  3 goblins (D:2)
  3 hobgoblins (D:1)
  A ball python (D:1)
  A bat (D:1)
  2 frilled lizards (D:1)
  2 kobolds (D:1)
  2 rats (D:1)
19 creatures vanquished.

Vanquished Creatures (others)
  A lurking horror (Abyss:2)
1 creature vanquished.

Grand Total: 20 creatures vanquished

Notes
Turn   | Place    | Note
-------+----------+-------------------------------------------
     0 | Abyss:1  | Gargoyl the Draconian Abyssal Knight began the quest for the Orb.
     0 | Abyss:1  | Reached XP level 1. HP: 19/19 MP: 2/2
    28 | Abyss:2  | Noticed a large abomination
    62 | Abyss:2  | Got a slimy mace
    63 | D:1      | Escaped the Abyss
    64 | D:1      | Identified the cursed +0 mace "Kijifox" {chaos, Fragile rF+ rC+++ Dex+3} (You found it on level 2 of the Abyss)
   496 | D:1      | Reached * piety under Lugonu
   506 | D:1      | Reached XP level 2. HP: 25/27 MP: 3/3
  1149 | D:2      | Reached skill level 4 in Fighting
  1163 | D:2      | Noticed Robin
  1173 | D:2      | Slain by Robin

Skill      XL: |  1  2 |
---------------+-------+-----
Fighting       | 4 |  4.1
Axes           | |  2.2
Maces & Flails | |  0.8
Dodging        | |  2.1
Stealth        | |  0.4
Invocations    | |  2.0

Action                   || total
-------------------------++-------
Melee: Mace              ||    81
       Tailslap          ||     5
Invok: Depart the Abyss  ||     1
  Use: Scroll            ||     4
       Potion            ||     1
  Eat: Chunk             ||     1
Armor: Skin              ||    33
Dodge: Dodged            ||    49
Block: Shield            ||    35
